 Dungeon Crawl Stone Soup version 0.22-a0-305-gd21a89c (webtiles) character file.

2376 Borgoz the Skirmisher (level 9, -2/77 (78) HPs)
             Began as a Ghoul Abyssal Knight on Mar 31, 2018.
             Was an Elder of Lugonu.
             Slain by Duvessa
             ... wielding a +0 short sword
              (4 damage)
             ... on level 6 of the Dungeon.
             The game lasted 00:14:42 (6756 turns).

Borgoz the Skirmisher (Ghoul Abyssal Knight)        Turns: 6756, Time: 00:14:42

HP:   -2/77 (78)    AC: 19    Str: 16    XL:     9   Next: 45%
MP:   12/12         EV:  6    Int:  7    God:    Lugonu [****..]
Gold: 212           SH:  0    Dex: 11    Spells: 8/8 levels left

rFire    . . .     SeeInvis .     - Unarmed
rCold    + . .     Gourm    .   (no shield)
rNeg     + + +     Faith    .   d - +1 plate armour
rPois    ∞         Spirit   .   k - +2 helmet
rElec    .         Reflect  .   (no cloak)
rCorr    .         Harm     .   (no gloves)
MR       .....                  g - +2 pair of boots
Stlth    ..........             (no amulet)
HPRegen  0.00/turn              (no ring)
MPRegen  0.13/turn              (no ring)

@: rotting
A: rotting body, claws 1, carnivore, cold resistance 1, negative energy
resistance 3, inhibited regeneration, torment resistance, unbreathing
a: Depart the Abyss, Bend Space, Banish, Corrupt, Renounce Religion


You were on level 6 of the Dungeon.
You worshipped Lugonu.
Lugonu was greatly pleased with you.
You were not hungry.

You visited 2 branches of the dungeon, and saw 8 of its levels.
You visited the Abyss 1 time.

You collected 212 gold pieces.

Inventory:

Armour
 d - a +1 plate armour (worn)
 g - a +2 pair of boots (worn)
 k - a +2 helmet (worn)
Jewellery
 p - an uncursed ring of wizardry
Scrolls
 a - 2 scrolls of enchant armour
 e - a scroll of teleportation
 h - 3 scrolls of remove curse
 m - 2 scrolls of enchant weapon {unknown}
 q - 2 scrolls of identify
 s - a scroll of amnesia {unknown}
Potions
 c - 2 potions of agility {unknown}
 f - 10 potions of curing
 i - 4 potions of brilliance
 j - a potion of cancellation {unknown}
 l - a potion of lignification {unknown}
 n - 2 potions of haste {unknown}
 o - 3 potions of flight
Comestibles
 b - 12 rations


   Skills:
 + Level 6.9 Fighting
 + Level 5.3 Armour
 + Level 5.0 Dodging
 + Level 6.3 Unarmed Combat
 + Level 6.3 Invocations


You had 8 spell levels left.
You didn't know any spells.

Dungeon Overview and Level Annotations

Branches:
Dungeon (7/15)             Temple (1/1) D:6

Altars:
Ashenzari
Cheibriados
Dithmenos
Elyvilon
Fedhas
Gozag
Hepliaklqana
Kikubaaqudgha
Makhleb
Nemelex Xobeh
Qazlal
Ru
Sif Muna
Trog
Uskayaw
Vehumet
Wu Jian
Xom
Yredelemnul
Zin
The Shining One

Annotations:
D:6 Dowan, Duvessa, Pikel


Innate Abilities, Weirdness & Mutations

Your body is rotting away.
You thrive on raw meat.
You are immune to poison.
You have sharp fingernails.
You are carnivorous and can eat meat at any time.
Your flesh is cold resistant. (rC+)
You are immune to negative energy. (rN+++)
You do not regenerate when monsters are visible.
You are immune to unholy pain and torment.
You can survive without breathing.


Message History

You kill the orc!
Lugonu accepts your kill. The slave hits you but does no damage.
You scratch the slave but do no damage. The slave hits you!
* * * LOW HITPOINT WARNING * * *
Your plate armour prevents you from hitting the slave.
The slave hits you.
* * * LOW HITPOINT WARNING * * *
You closely miss the slave. The slave hits you.
* * * LOW HITPOINT WARNING * * *
Okay, then.
Okay, then.
Items here: )) [[ a robe; an enchanted flail; a robe; a great sword of freezing
Okay, then.
The slave hits you but does no damage.
Duvessa shouts!
You hear a shout!
Duvessa hits you but does no damage. Duvessa hits you with a short sword.
You die...

# #.#.......# #...........#
####.#.......#####......<..###
##.........................#
#....####...##.............#
#....#####.#############.###
......##....######## #.#
........#..........# #p#
........##..#####.#.# #.#
#.P..♣♣..##.####@# #.###p#
....♣≈..P..#...e## ##.p..#
PP.≈≈♣≈≈♣....###.###K#####
..≈≈≈≈≈♣.........K#......#
..≈≈≈≈♣≈P....#####.#####....
...≈♣♣♣..P...# #.# ##
....≈♣...##### #.#
#P..P..P....... ..#
#####....###### ###


You could see Duvessa.

Vanquished Creatures
  Grinder (D:3)
  Sigmund (D:4)
  An ice beast (D:5)
  A sky beast (D:6)
  A slave (D:7)
  2 phantoms
  5 ogres
  2 bullfrogs
  A wyvern skeleton (D:4)
  3 howler monkeys
  7 wights (D:6)
  2 crimson imps (D:5)
  A hound (D:5)
  A jelly (D:6)
  A centaur zombie (D:6)
  3 orc priests
  5 orc wizards
  A worker ant (D:4)
  Robin (D:2)
  10 gnolls
  4 adders
  An ooze (D:1)
  4 worms
  A dart slug (D:2)
  3 leopard geckos
  16 orcs
  13 bats
  6 giant cockroaches
  15 goblins
  10 hobgoblins
  4 jackals (D:2)
  12 kobolds
  2 ball pythons
  6 frilled lizards
  A leopard gecko zombie (D:5)
  8 rats
156 creatures vanquished.

Notes
Turn   | Place    | Note
-------+----------+-------------------------------------------
     0 | Abyss:1  | Borgoz the Ghoul Abyssal Knight began the quest for the Orb.
     0 | Abyss:1  | Reached XP level 1. HP: 19/19 MP: 1/1
    63 | Abyss:1  | Noticed a smoke demon
    63 | D:1      | Escaped the Abyss
    97 | D:1      | Reached skill level 1 in Dodging
   111 | D:1      | Reached * piety under Lugonu
   160 | D:1      | Reached XP level 2. HP: 20/26 MP: 2/2
   653 | D:1      | Reached XP level 3. HP: 9/31 MP: 3/3
  1420 | D:2      | Reached XP level 4. HP: 38/40 MP: 4/4
  1479 | D:2      | Noticed Robin
  1512 | D:2      | Killed Robin
  1512 | D:2      | Reached ** piety under Lugonu
  1932 | D:1      | Reached XP level 5. HP: 30/46 MP: 6/6
  2489 | D:3      | Noticed a phantom
  2700 | D:3      | Reached *** piety under Lugonu
  2741 | D:3      | Noticed Grinder
  2820 | D:2      | You fall through a shaft for 2 floors!
  2911 | D:4      | Reached XP level 6. HP: 30/53 MP: 7/7
  3079 | D:3      | Found an ornate altar of the Wu Jian Council.
  3079 | D:3      | Found a stormy altar of Qazlal.
  3106 | D:3      | Found a sparkling altar of Nemelex Xobeh.
  3193 | D:4      | Reached XP level 7. HP: 32/60 MP: 8/8
  3347 | D:4      | Noticed Sigmund
  3774 | D:3      | Killed Grinder
  3774 | D:3      | Reached skill level 5 in Fighting
  4603 | D:4      | Killed Sigmund
  4603 | D:4      | Reached XP level 8. HP: 60/68 MP: 10/10
  4769 | D:5      | Entered Level 5 of the Dungeon
  4821 | D:5      | Reached skill level 5 in Unarmed Combat
  4880 | D:5      | Reached skill level 5 in Invocations
  5264 | D:5      | Reached **** piety under Lugonu
  5487 | D:6      | Found a staircase to the Ecumenical Temple.
  5552 | D:6      | Reached XP level 9. HP: 69/77 MP: 12/12
  5602 | Temple   | Entered the Ecumenical Temple
  5770 | D:6      | Reached skill level 5 in Armour
  6140 | D:6      | Found a sacrificial altar of Ru.
  6309 | D:6      | Noticed Pikel
  6579 | D:7      | Reached skill level 5 in Dodging
  6658 | D:6      | Noticed Duvessa
  6659 | D:6      | Noticed Dowan
  6697 | D:6      | HP: 1/77 [slave[Pikel] (3)]
  6756 | D:6      | Slain by Duvessa

Vault maps used:
D:1:      dpeg_arrival_connections
D:2:      minmay_fountain_box, minmay_pentomino_u4, uniq_robin
D:3:      nemelex_xobeh_ov_fountains_minmay, gammafunk_temple_overflow_statue,
          uniq_grinder
D:4:      uniq_sigmund
D:5:      first_ration
D:6:      kennysheep_mini, minmay_temple_entry_glass, serial_bayou_pond_a,
          uniq_pikel, uniq_duvessa
Temple:   regret_index_temple_mists

Skill      XL: |  1  2  3  4  5  6  7  8  9 |
---------------+----------------------------+-----
Dodging        | 1 2 3 4 5 |  5.0
Armour         | 2 3 4 5 |  5.3
Unarmed Combat | 3 4 5 6 |  6.3
Fighting       | 4 5 6 |  6.9
Invocations    | 3 4 5 6 |  6.3

Action                   |  1- 3 |  4- 6 |  7- 9 || total
-------------------------+-------+-------+-------++-------
Melee: Unarmed           |   142 |   270 |   411 ||   823
       Punch             |       |     1 |     5 ||     6
Invok: Depart the Abyss  |     1 |       |       ||     1
  Use: Scroll            |       |       |     7 ||     7
  Eat: Chunk             |     5 |    18 |    23 ||    46
Armor: Leather armour    |    71 |       |       ||    71
       Plate armour      |    44 |   197 |   299 ||   540
Dodge: Dodged            |    96 |    74 |   114 ||   284

Table legend:
 A = Spawn XP
 B = Non-spawn XP
 C = Spawn XP percentage of total XP
 D = Spawn monster count
 E = Non-spawn monster count
 F = Spawn count percentage of total count
 G = Total turns spent on level
                    A         B        C        D         E        F      G
               +---------+---------+-------+---------+---------+-------+---------
         Total |       0 |    3395 |   0.0 |       0 |     155 |   0.0 |  6756
               +---------+---------+-------+---------+---------+-------+---------
           D:1 |       0 |      96 |   0.0 |       0 |      24 |   0.0 |  1233
           D:2 |       0 |     281 |   0.0 |       0 |      47 |   0.0 |  1536
           D:3 |       0 |     342 |   0.0 |       0 |      27 |   0.0 |   776
           D:4 |       0 |     599 |   0.0 |       0 |      12 |   0.0 |  1161
           D:5 |       0 |     748 |   0.0 |       0 |      19 |   0.0 |   708
           D:6 |       0 |    1068 |   0.0 |       0 |      23 |   0.0 |   865
           D:7 |       0 |     261 |   0.0 |       0 |       3 |   0.0 |   297
               +---------+---------+-------+---------+---------+-------+---------
